 Dungeon Crawl Stone Soup version 0.17.1-1-g73c8601 (webtiles) character file.

94 shmeve the Skirmisher (level 4, -8/40 HPs)
             Began as a Draconian Fighter on Apr 18, 2016.
             Killed by divine providence
             ... invoked by an orc priest
              (10 damage)
             ... on level 3 of the Dungeon.
             The game lasted 00:03:48 (1627 turns).

shmeve the Skirmisher (Draconian Fighter)           Turns: 1627, Time: 00:03:48

Health: -8/40      AC:  5    Str: 25    XL:     4   Next: 38%
Magic:  4/4        EV: 10    Int:  8    God:
Gold:   104        SH:  9    Dex: 10    Spells: 0 memorised, 3 levels left

rFire  . . .     SeeInvis .     a - +0 war axe
rCold  . . .     Clarity  .     (armour unavailable)
rNeg   . . .     SustAt   .     b - +0 shield
rPois  .         Gourm    .     (helmet restricted)
rElec  .         Spirit   .     (no cloak)
rCorr  .         Warding  .     (no gloves)
rMut   .         Stasis   .     (no boots)
MR     .....                    (no amulet)
Stlth  +.........               (no ring)
                                k - ring of flight

@: mighty, slowed, very slow, not resistant to hostile enchantments, very
unstealthy
A: unfitting armour, cold-blooded, AC +5
a: Evoke Flight


You were on level 3 of the Dungeon.
You were hungry.

You visited 1 branch of the dungeon, and saw 3 of its levels.

You collected 104 gold pieces.

Inventory:

Hand Weapons
 a - a +0 war axe (weapon)
Armour
 b - a +0 shield (worn)
Jewellery
 k - a ring of flight (left hand)
Scrolls
 e - 2 scrolls of fear {unknown}
 h - a scroll of blinking {unknown}
 i - a scroll of fog {unknown}
 o - a scroll of remove curse {unknown}
 p - a scroll of identify {unknown}
 q - a scroll of enchant weapon {unknown}
 r - a scroll of teleportation {unknown}
 s - a scroll of amnesia {unknown}
Potions
 f - a potion of magic {unknown}
 g - a potion of cancellation {unknown}
 n - 2 potions of heal wounds {unknown}
 u - a potion of haste {unknown}
Comestibles
 d - 3 bread rations
 j - 8 fruits
 l - a royal jelly
 m - a meat ration
 v - a slice of pizza


   Skills:
 * Level 4.0 Fighting
 * Level 2.8 Axes
 * Level 3.1 Dodging
 + Level 1.3 Stealth
 * Level 3.5 Shields


You had 3 spell levels left.
You didn't know any spells.

Dungeon Overview and Level Annotations

Branches:
Dungeon (3/15)

Altars:


Innate Abilities, Weirdness & Mutations

Your plain brown scales are hard (AC +5).
Your body does not fit into most forms of armour.
You are cold-blooded and may be slowed by cold attacks.


Message History

* * * LOW HITPOINT WARNING * * *
You closely miss the orc. You tail-slap the orc!
You kill the orc!
You hit the orc wizard but do no damage.
The orc wizard gestures at you while chanting.
You block the puff of frost.
The orc wizard hits you but does no damage.
The kobold hits you but does no damage. The orc wizard closely misses you.
The kobold completely misses you.
Your shield prevents you from hitting the kobold.
You hit the orc wizard.
The orc wizard is lightly wounded.
The orc wizard closely misses you.
The orc wizard hits you but does no damage.
You block the kobold's attack.
The orc wizard hits you with a dagger of holy wrath.
* * * LOW HITPOINT WARNING * * *
The orc priest mumbles some strange prayers to Beogh against you.
Something smites you!
You die...

.... ### '#.. #[.
..... #.### (....
..... ......
#.#.##.... #...
#.#.oKo# #...( #.#.@##
#....# ##.#...# #....
####......# #...#
#.......#+# #...#
#.....#.....
#...###.....#.....
#...'.'.....+.......
###...###.....#####...
........+.....+ ...


You could see an orc priest, an orc wizard and a kobold.

Vanquished Creatures
  An orc wizard (D:3)
  2 adders (D:2)
  A worm (D:2)
  2 orcs (D:3)
  8 hobgoblins
  2 jackals (D:2)
  6 kobolds
  A quokka (D:2)
  6 bats
  3 giant cockroaches
  2 giant newts (D:1)
  4 goblins
  9 rats
47 creatures vanquished.

Notes
Turn   | Place    | Note
--------------------------------------------------------------
     0 | D:1      | shmeve the Draconian Fighter began the quest for the Orb.
     0 | D:1      | Reached XP level 1. HP: 19/19 MP: 1/1
   245 | D:1      | Reached XP level 2. HP: 23/26 MP: 2/2
  1012 | D:2      | Reached XP level 3. HP: 25/33 MP: 3/3
  1246 | D:2      | Reached skill level 1 in Stealth
  1621 | D:3      | Reached skill level 4 in Fighting
  1621 | D:3      | Reached XP level 4. HP: 38/40 MP: 4/4
  1627 | D:3      | HP: 2/40 [orc wizard/dagger of holy wrath (2)]
  1627 | D:3      | Killed from afar by an orc priest

Action                   |  1- 3 |  4- 6 || total
-------------------------+-------+-------++-------
Melee: War axe           |   124 |     6 ||   130
  Use: Potion            |     1 |       ||     1
 Stab: Sleeping          |     2 |       ||     2
  Eat: Chunk             |     2 |       ||     2
